 Dungeon Crawl Stone Soup version 0.21-a0-450-gd87a9b2 (webtiles) character file.

35 slep the Skirmisher (level 3, 0/29 HPs)
             Began as a Demonspawn Monk on Nov 19, 2017.
             Succumbed to a gnoll's poison
             ... on level 2 of the Dungeon.
             The game lasted 00:04:26 (656 turns).

slep the Skirmisher (Demonspawn Monk)                Turns: 656, Time: 00:04:26

Health: 0/29       AC:  5    Str: 11    XL:     3   Next: 16%
Magic:  3/3        EV: 11    Int: 11    God:
Gold:   28         SH:  0    Dex: 16    Spells: 2/2 levels left

rFire    . . .     SeeInvis .   a - +0 falchion
rCold    . . .     Gourm    .   (no shield)
rNeg     . . .     Faith    .   d - +0 ring mail
rPois    .         Spirit   .   (no helmet)
rElec    .         Reflect  .   (no cloak)
rCorr    .         Harm     .   (no gloves)
MR       .....                  (no boots)
Stlth    +.........             (no amulet)
HPRegen  0.09/turn              (no ring)
MPRegen  0.08/turn              (no ring)

@: lethally poisoned (0 -> -11)
A: demonic guardian 1, powered by pain 1
a: no special abilities


You were on level 2 of the Dungeon.
You were not hungry.

You visited 1 branch of the dungeon, and saw 2 of its levels.

You collected 28 gold pieces.

Inventory:

Hand Weapons
 a - a +0 falchion (weapon)
Armour
 b - a +0 robe
 d - a +0 ring mail (worn)
Scrolls
 g - a scroll of noise {unknown}
Comestibles
 c - a bread ration


   Skills:
 + Level 3.3 Fighting
 + Level 3.2 Long Blades
 + Level 0.1 Armour
 + Level 2.9 Dodging
 + Level 2.1 Stealth


You had 2 spell levels left.
You didn't know any spells.

Dungeon Overview and Level Annotations

Branches:
Dungeon (2/15)

Altars:


Innate Abilities, Weirdness & Mutations

A weak demonic guardian rushes to your aid.
You sometimes gain a little power by taking damage.


Message History

* * * LOW HITPOINT WARNING * * *
You feel sick.
Your ring mail prevents you from hitting the giant cockroach.
* * * LOW HITPOINT WARNING * * *
You feel sick.
The giant cockroach bites you but does no damage.
The giant cockroach closely misses you.
You riposte.
You hit the giant cockroach.
The giant cockroach is heavily wounded.
You aren't carrying any potions.
As you read the scroll labeled PUECZA HACRO, it crumbles to dust.
You feel blessed for a moment.
It was a scroll of remove curse.
* * * LOW HITPOINT WARNING * * *
You feel sick. The gnoll hits you but does no damage.
The giant cockroach bites you.
* * * LOW HITPOINT WARNING * * *
* * * LOW HITPOINT WARNING * * *
You feel sick.
You swap places.
You die...

###
##################.#
................@5s####
##############.###..gg#
.# #.# ####.# .# #.#
#.# .# #.# #g....... .#
#.# #.#.###s. )# ####
#.. ...... (##..... ...
... .[. .....(.. #..
##.#.####


You could see 2 gnolls, a giant cockroach and a friendly iron imp.

Vanquished Creatures
  A gnoll (D:2)
  2 dart slugs (D:1)
  2 giant cockroaches
  4 goblins (D:1)
  3 hobgoblins (D:1)
  3 kobolds
  2 bats (D:1)
  4 frilled lizards
  A rat (D:1)
22 creatures vanquished.

Notes
Turn   | Place    | Note
-------+----------+-------------------------------------------
     0 | D:1      | slep the Demonspawn Monk began the quest for the Orb.
     0 | D:1      | Reached XP level 1. HP: 18/18 MP: 1/1
     2 | D:1      | Noticed a formicid
     4 | D:1      | Noticed a demigod
     6 | D:1      | Noticed an elf
     8 | D:1      | Noticed a gargoyle
     8 | D:1      | Noticed a ghoul
    10 | D:1      | Noticed an ogre
    10 | D:1      | Noticed a spriggan
    12 | D:1      | Noticed a centaur
    12 | D:1      | Noticed a halfling
    14 | D:1      | Noticed a vampire
    14 | D:1      | Noticed a human
    16 | D:1      | Noticed a demonspawn
    16 | D:1      | Noticed a naga
    18 | D:1      | Noticed a dwarf
    18 | D:1      | Noticed a minotaur
    20 | D:1      | Noticed a felid
    22 | D:1      | Noticed a tengu
    22 | D:1      | Noticed a vine stalker
    24 | D:1      | Noticed a draconian
    24 | D:1      | Noticed a merfolk
    26 | D:1      | Noticed an octopode
    26 | D:1      | Noticed a troll
   116 | D:1      | Gained mutation: You sometimes gain a little power by taking damage. [demonic ancestry]
   116 | D:1      | Reached XP level 2. HP: 8/24 MP: 2/2
   651 | D:2      | Gained mutation: A weak demonic guardian rushes to your aid. [demonic ancestry]
   651 | D:2      | Reached XP level 3. HP: 10/29 MP: 3/3
   655 | D:2      | HP: 1/29 [poisoned by a gnoll]
   656 | D:2      | Succumbed to a gnoll's poison

Vault maps used:
D:1:      kb_arrival_jail
D:2:      lemuel_crystal_altar, chequers_ecumenical_altar_island

Skill      XL: |  1  2 |
---------------+-------+-----
Long Blades    | 3 |  3.2
Stealth        | 2 |  2.1
Fighting       | |  3.3
Armour         | |  0.1
Dodging        | |  2.9

Action                   || total
-------------------------++-------
Melee: Falchion          ||    72
  Use: Potion            ||     1
       Scroll            ||     1
 Stab: Sleeping          ||     2
Armor: Robe              ||     2
       Ring mail         ||    19
Dodge: Dodged            ||    38
       Rpst.: Falchion   ||    10

Table legend:
 A = Spawn XP
 B = Non-spawn XP
 C = Spawn XP percentage of total XP
 D = Spawn monster count
 E = Non-spawn monster count
 F = Spawn count percentage of total count
 G = Total turns spent on level
                    A         B        C        D         E        F      G
               +---------+---------+-------+---------+---------+-------+---------
         Total |       0 |      50 |   0.0 |       0 |      22 |   0.0 |   656
               +---------+---------+-------+---------+---------+-------+---------
           D:1 |       0 |      32 |   0.0 |       0 |      18 |   0.0 |   533
           D:2 |       0 |      18 |   0.0 |       0 |       4 |   0.0 |   123
               +---------+---------+-------+---------+---------+-------+---------
